Map: Orbital Shipyard

Players

CunningStunt - Winner!

  • Race: Protoss Protoss
  • League: Gold

Bubushka

  • Race: Terran Terran
  • League: Gold

VOD

Have the link to the VOD?

Description

Time

  • Played on: Sept. 9, 2015, 9:52 a.m.
  • Length: 14:25
Show
View Real Time Build Order
Export as new Build Order

CunningStunt Protoss - Winner!

Build Orders: 1 Gate Expand 

Get SALT Encoding   

  12  0:00  Probe (Chrono Boost)  
  13  0:10  Probe (Chrono Boost)  
  14  0:18  Pylon  
  14  0:21  Probe (Chrono Boost)  
  15  0:36  Probe (Chrono Boost)  
  15  0:40  Gateway  
  16  0:46  Probe (Chrono Boost)  
  17  0:56  Probe (Chrono Boost)  
  18  1:13  Nexus  
  18  1:18  Assimilator  
  18  1:24  Pylon  
  18  1:36  Cybernetics Core  
  18  1:38  Assimilator  
  18  1:43  Probe (Chrono Boost)  
  19  1:53  Probe (Chrono Boost)  
  20  1:58  Pylon  
  20  2:04  Probe (Chrono Boost)  
  21  2:16  Mothership Core (Chrono Boost)  
  21  2:19  Adept  
  25  2:26  Probe (Chrono Boost)  
  26  2:32  Warp Gate  
  26  2:34  Probe (Chrono Boost)  
  27  2:40  Probe (Chrono Boost)  
  27  2:43  Adept (Chrono Boost)  
  28  2:44  Probe (Chrono Boost)  
  32  2:51  Probe (Chrono Boost)  
  32  2:55  Probe (Chrono Boost)  
  33  3:03  Probe (Chrono Boost)  
  35  3:13  Probe x2 (Chrono Boost)  
  35  3:18  Robotics Facility  
  36  3:23  Probe (Chrono Boost)  
  37  3:27  Probe (Chrono Boost)  
  37  3:34  Gateway, Probe (Chrono Boost)  
  38  3:37  Probe (Chrono Boost)  
  38  3:39  Gateway  
  38  3:40  Gateway  
  40  3:45  Pylon  
  40  3:58  Probe (Chrono Boost)  
  40  4:00  Probe (Chrono Boost)  
  40  4:02  Adept (Chrono Boost)  
  44  4:11  Probe  
  41  4:35  Pylon  
  41  4:40  Pylon  
  41  4:43  Pylon  
  41  4:46  Pylon  
  41  4:48  Pylon  
  41  4:51  Assimilator  
  41  4:53  Probe x2 (Chrono Boost)  
  41  4:55  Warp Prism  
  41  4:56  Assimilator  
  45  5:03  Probe x2 (Chrono Boost)  
  45  5:06  Adept  
  49  5:08  Adept x2  
  49  5:09  Adept  
  49  5:13  Probe x2 (Chrono Boost)  
  57  5:23  Probe x2 (Chrono Boost)  
  59  5:34  Probe (Chrono Boost)  
  60  5:43  Immortal  
  60  5:44  Pylon  
  60  5:48  Twilight Council  
  64  5:51  Probe x2 (Chrono Boost)  
  66  6:01  Probe (Chrono Boost)  
  65  6:21  Adept x2  
  65  6:22  Adept x2  
  69  6:32  Charge (Chrono Boost)  
  69  6:35  Probe (Chrono Boost)  
  69  6:36  Probe (Chrono Boost)  
  61  6:43  Templar Archives  
  61  6:44  Probe  
  61  6:45  Immortal  
  58  7:00  Gateway  
  58  7:02  Gateway  
  58  7:04  Gateway  
  58  7:05  Psionic Storm  
  58  7:06  Gateway, Probe  
  58  7:07  Pylon  
  59  7:08  Probe  
  59  7:14  Zealot x4  
  68  7:18  Probe  
  69  7:25  Observer  
  70  7:35  High Templar x2  
  70  7:36  Pylon, High Templar x2  
  78  7:38  Pylon  
  78  7:45  Nexus  
  78  7:46  Observer  
  79  7:51  Pylon  
  79  7:54  Pylon  
  79  7:57  Probe x2  
  81  8:06  Pylon  
  81  8:09  Probe x2  
  81  8:10  High Templar x2  
  81  8:12  Zealot x5  
  95  8:13  Zealot  
  95  8:18  Gateway  
  99  8:21  Probe x2  
  102  8:27  Observer  
  102  8:33  Probe x2  
  104  8:38  Pylon  
  104  8:46  Adept x3, Blink  
  104  8:47  Adept x3, Warp Prism  
  117  9:00  Stalker x2  
  121  9:10  Probe  
  121  9:12  Probe x2  
  124  9:26  Forge  
  124  9:28  Forge  
  124  9:34  High Templar x2  
  124  9:37  Zealot  
  124  9:38  Zealot x6  
  138  9:41  Warp Prism (Chrono Boost)  
  144  9:54  Probe  
  144  9:55  Probe x2  
  147  10:02  Assimilator  
  147  10:06  Assimilator  
  147  10:09  Gateway  
  147  10:10  Gateway  
  147  10:13  Protoss Ground Weapons Level 1  
  147  10:14  Pylon, Protoss Ground Armor Level 1  
  147  10:18  Gateway  
  147  10:20  Gateway  
  147  10:21  Pylon  
  147  10:26  Stalker x2  
  147  10:27  Stalker x4  
  135  10:37  Probe x2  
  133  10:49  Probe  
  133  11:11  Pylon  
  133  11:15  Pylon  
  133  11:16  Pylon  
  133  11:22  Pylon x2  
  133  11:24  Pylon  
  84  11:49  Zealot x6  
  84  11:50  Zealot x2  
  84  12:14  Stalker x6  
  80  12:42  Probe x2  
  80  12:54  Probe  
  64  13:07  Nexus  
  64  13:10  Pylon, High Templar  
  64  13:11  High Templar x5  
  74  13:13  Archon x3  
  74  13:35  Mothership Core  
  76  13:43  Zealot x5  
Show
View Real Time Build Order
Export as new Build Order

Bubushka Terran 

Build Orders: MMM Bio 

Get SALT Encoding   

  12  0:03  SCV  
  13  0:16  SCV  
  14  0:22  Supply Depot  
  14  0:28  SCV  
  15  0:46  SCV  
  15  0:49  Barracks  
  16  1:00  SCV  
  17  1:12  SCV  
  18  1:26  SCV  
  19  1:37  Command Center, Marine  
  19  1:38  SCV  
  21  1:45  Barracks  
  21  1:53  Orbital Command  
  21  1:58  Marine  
  22  2:01  Supply Depot  
  22  2:09  Barracks  
  22  2:16  Marine  
  23  2:23  SCV  
  23  2:28  Barracks  
  24  2:34  Marine x2  
  26  2:41  Engineering Bay  
  26  2:51  Marine x2  
  26  2:52  Orbital Command  
  26  2:56  Marine  
  29  3:01  SCV  
  30  3:09  Missile Turret, Marine x2  
  32  3:13  SCV  
  32  3:14  Marine  
  32  3:17  Marine  
  35  3:21  SCV  
  35  3:25  SCV  
  35  3:26  Refinery  
  37  3:33  Refinery  
  37  3:34  Marine x2  
  37  3:37  SCV  
  37  3:39  SCV  
  41  3:44  Supply Depot  
  41  3:47  Marine x2  
  43  3:49  SCV  
  43  3:59  Marine x2  
  43  4:05  Marine x2  
  42  4:17  Marine  
  42  4:23  SCV  
  39  4:25  Barracks Tech Lab  
  39  4:27  Barracks Tech Lab  
  39  4:29  Orbital Command  
  36  4:35  SCV, Marine  
  38  4:46  Bunker  
  38  4:47  SCV, Marauder x2  
  38  4:48  Supply Depot  
  43  4:55  Marine  
  43  4:56  Marine  
  43  4:59  SCV  
  46  5:00  SCV  
  46  5:03  Refinery  
  46  5:06  Refinery  
  47  5:08  Stimpack, Marine x2  
  47  5:11  SCV  
  47  5:12  SCV  
  47  5:13  Marine x2  
  53  5:23  SCV  
  53  5:24  SCV, Missile Turret  
  55  5:34  Factory  
  56  5:35  SCV  
  56  5:36  SCV  
  56  5:38  Marauder  
  59  5:47  SCV  
  59  5:49  SCV  
  63  5:57  Marauder  
  63  5:59  Supply Depot, SCV  
  63  6:01  SCV, Supply Depot  
  65  6:05  Marauder, Marine x2  
  69  6:11  Combat Shields  
  69  6:12  SCV  
  69  6:13  SCV  
  70  6:24  SCV  
  70  6:25  SCV, Widow Mine  
  69  6:29  Marine  
  69  6:30  Marauder  
  69  6:31  Starport  
  64  6:52  Marauder x2, Marine x2  
  64  6:53  SCV  
  71  7:00  SCV  
  72  7:05  SCV  
  73  7:09  Medivac  
  73  7:10  Marine  
  73  7:14  Barracks Reactor, Marauder x2  
  80  7:19  Factory Reactor  
  80  7:21  SCV  
  81  7:28  SCV, Marine  
  83  7:30  Missile Turret  
  83  7:33  SCV  
  83  7:34  Missile Turret  
  83  7:35  Marauder, Marine  
  87  7:40  Terran Infantry Weapons Level 1, SCV  
  88  7:46  SCV, Marine  
  90  7:54  SCV  
  91  8:02  Concussive Shells  
  91  8:04  Marine, Marauder x2  
  96  8:06  Command Center  
  96  8:08  Medivac x2  
  100  8:15  SCV x2  
  100  8:19  Factory Reactor  
  102  8:20  Barracks  
  102  8:25  Barracks  
  102  8:31  Supply Depot, Marine  
  102  8:32  Marine, Marauder  
  106  8:35  Marine x2  
  106  8:36  Supply Depot  
  106  8:38  Medivac  
  110  8:49  Marine  
  108  8:56  Marine x2  
  108  8:57  Marauder x2  
  114  9:07  Marine  
  114  9:08  Barracks Tech Lab  
  115  9:11  Widow Mine x2  
  115  9:12  Barracks  
  115  9:13  Medivac  
  115  9:14  Marine  
  122  9:18  Marauder x2  
  122  9:22  Orbital Command  
  126  9:24  SCV  
  126  9:29  Medivac  
  129  9:37  Refinery x2  
  129  9:40  SCV x2, Widow Mine, Marauder  
  129  9:43  Medivac  
  137  9:47  Widow Mine  
  137  9:49  Marine x2  
  137  9:50  Starport, Marine x3  
  144  9:52  Terran Infantry Armor Level 1  
  144  9:58  SCV  
  144  9:59  Medivac  
  147  10:01  SCV  
  147  10:05  Engineering Bay  
  148  10:10  Marine x2  
  148  10:11  Supply Depot, Marine, Marauder x2  
  148  10:12  Supply Depot  
  148  10:13  Medivac  
  157  10:32  Marine x4  
  157  10:33  Marauder x3  
  160  10:50  Marine x4  
  160  10:54  Marine, Marauder x2  
  160  10:56  Medivac  
  171  11:07  Medivac  
  173  11:14  Marine x4  
  173  11:15  Marine, Marauder x2  
  173  11:16  Supply Depot  
  182  11:21  Armory  
  177  11:26  Medivac  
  177  11:32  Reaper x2, Marine x2  
  180  11:33  Marine  
  180  11:38  Marauder x2  
  156  11:50  Marine x2  
  156  11:51  Marauder  
  147  11:58  Marine x2  
  140  12:04  Marine x2  
  140  12:08  Marine x2  
  127  12:13  Marauder  
  111  12:16  Marine  
  111  12:17  Marauder  
  111  12:22  Marine  
  110  12:25  Marine  
  103  12:34  Marauder, Marine  
  103  12:36  Widow Mine  
  103  12:37  Widow Mine  
  98  12:40  Marine  
  98  12:43  Marine  
  99  12:52  Marine  
  99  12:55  Marine  
  99  12:57  Marine  
  92  13:01  Marine  
  67  13:09  Orbital Command  
  56  13:13  Marauder  
  56  13:15  Marine  
  56  13:19  Marine  
  57  13:33  Marine  
  54  13:35  SCV  
  54  13:38  Viking  
  47  13:51  Marine  
Tags
 
Add a new tag
Caveats
  • Supply blocks, unpowered buildings, or Contaminate may cause inaccurate times.
  • Supply counts are checked every 10 seconds.